 Dungeon Crawl Stone Soup version 0.30-a0-778-g2ef04afb54 (webtiles) character file.

Game seed: 9801099046576297966

8922 IdlyInterested the Cleaver (level 11, -4/63 (75) HPs)
             Began as a Demonspawn Gladiator on Feb 16, 2023.
             Slain by a gargoyle
             ... wielding a +0 mace
              (11 damage)
             ... on level 10 of the Dungeon.
             The game lasted 00:34:32 (10225 turns).

IdlyInterested the Cleaver (Demonspawn Gladiator)  Turns: 10225, Time: 00:34:32

HP:   -4/63 (75)    AC:  8    Str: 16    XL:     11   Next: 16%
MP:   11/11         EV: 19    Int: 12    God:
Gold: 360           SH:  4    Dex: 11    Spells: 10/10 levels left

rFire   + . .      SeeInvis .    l - +10 broad axe "Potom" {flame, rElec rN+ Int+2 Dex-3}
rCold   + . .      Faith    .    E - +0 buckler
rNeg    + + +      Spirit   .    X - +0 steam dragon scales
rPois   .          Reflect  .    (helmet restricted)
rElec   +          Harm     .    D - +1 cloak
rCorr   .          Rampage  .    (no gloves)
Will    .....                    (no boots)
Stlth   ++                       H - amulet of the acrobat
HPRegen 0.30/turn                j - ring "Jeoref" {rElec rC+ rN+++ EV+5 Str-3}
MPRegen 0.12/turn                B - ring of protection from fire

@: heavily drained
A: horns 1, repulsion field 1, ignite blood 2, demonic magic 1
a: no special abilities


You were on level 10 of the Dungeon.
You visited 2 branches of the dungeon, and saw 11 of its levels.
You also visited: Bailey.

You collected 936 gold pieces.
You spent 576 gold pieces at shops.

Inventory:

Hand Weapons
 l - the +10 broad axe "Potom" (weapon) {flame, rElec rN+ Int+2 Dex-3}
   (You found it on level 2 of the Dungeon)

   Int:       It affects your intelligence (+2).
   Dex:       It affects your dexterity (-3).
   rElec:     It insulates you from electricity.
   rN:        It protects you from negative energy.
 Q - a +4 hand axe
 S - the +16 obsidian axe {drain, demonic, Mesm Drain Fly SInv}
   (You found it in a bailey)

   Mesm:      Its wielder is mesmerised by any visible foes, and it cannot be
   unequipped while any foes are visible.
   SInv:      It lets you see invisible.
   Fly:       It grants you flight.
   Drain:     It drains your maximum health when unequipped.
Missiles
 b - 7 atropa-tipped darts
 d - 5 throwing nets
 e - a javelin
 n - 34 boomerangs (quivered)
 x - 25 poisoned darts
 P - a curare-tipped dart
Armour
 D - a +1 cloak (worn)
 E - a +0 buckler (worn)
 K - a +0 tower shield
 N - a +0 plate armour
 X - +0 steam dragon scales (worn)
Magical Staves
 A - a staff of death
Jewellery
 f - a ring of flight
 j - the ring "Jeoref" (left hand) {rElec rC+ rN+++ EV+5 Str-3}
   (You acquired it on level 5 of the Dungeon)

   [ring of evasion]

   EV:        It affects your evasion (+5).
   Str:       It affects your strength (-3).
   rC:        It protects you from cold.
   rElec:     It insulates you from electricity.
   rN:        It renders you almost immune to negative energy.
 o - a ring of resist corrosion
 B - a ring of protection from fire (right hand)
 C - an amulet of faith
 G - an amulet of guardian spirit
 H - an amulet of the acrobat (around neck)
 T - a ring of willpower
 Y - a ring of ice
Wands
 p - a wand of digging (4)
 u - a wand of light (4)
 v - a wand of flame (8)
 O - a wand of paralysis (15)
Scrolls
 h - a scroll of enchant weapon
 i - 3 scrolls of vulnerability
 r - 6 scrolls of teleportation
 y - a scroll of fear
 z - a scroll of identify
 F - 2 scrolls of amnesia
 I - a scroll of noise
 J - a scroll of immolation
 L - a scroll of brand weapon
 W - a scroll of fog
Potions
 a - a potion of lignification
 c - a potion of berserk rage
 g - a potion of brilliance
 k - 4 potions of attraction
 m - 3 potions of curing
 q - 3 potions of cancellation
 s - 2 potions of heal wounds
 t - 2 potions of might
 w - 2 potions of haste
 R - 5 potions of flight
 U - a potion of mutation
 V - a potion of magic


   Skills:
 - Level 3.0 Fighting
 * Level 13.1(13.3) Axes
 - Level 3.0(9.0) Maces & Flails
 - Level 3.0 Throwing
 - Level 6.0 Armour
 - Level 3.0 Dodging
 - Level 3.0 Stealth
 - Level 3.0 Shields
 - Level 3.0 Evocations


You had 10 spell levels left.
You didn't know any spells.
Your spell library contained the following spells:

 Spells                   Type           Power      Damage    Failure   Level
 Sandblast                Erth           0%         2d4       41%         1
 Shock                    Conj/Air       0%         1d3       41%         1
 Blink                    Tloc           0%         N/A       54%         2
 Lesser Beckoning         Tloc           0%         N/A       54%         2
 Momentum Strike          Conj/Tloc      0%         3d8       54%         2
 Passwall                 Tmut/Erth      0%         N/A       54%         2
 Stone Arrow              Conj/Erth      0%         3d7       78%         3
 Swiftness                Air            0%         N/A       78%         3
 Airstrike                Air            0%         2d(0-16)  99%         4
 Leda's Liquefaction      Hex/Erth       0%         N/A       99%         4
 Lee's Rapid Deconstruct  Erth           0%         3d4*      100%        5
 Statue Form              Tmut/Erth      0%         N/A       100%        6


Dungeon Overview and Level Annotations

Branches:
Dungeon (10/15)            Temple (1/1) D:5            Lair (0/5) D:9
 Bailey (visited)
    Orc: D:9-12

Altars:
Ashenzari
Cheibriados
Dithmenos
Fedhas
Gozag
Hepliaklqana
Kikubaaqudgha
Makhleb
Nemelex Xobeh
Okawaru
Qazlal
Ru
Sif Muna
Trog
Uskayaw
Vehumet
Wu Jian
Xom
Yredelemnul

Shops:
D:9 **


Innate Abilities, Weirdness & Mutations

You have a pair of small horns on your head.
You are surrounded by a mild repulsion field. (EV +2)
Your demonic aura often causes spilled blood to erupt in flames.
Spells you cast may paralyse adjacent enemies.


Message History

The kobold completely misses you. x3
Items here: ( )) [.
You barely miss the gargoyle.
You headbutt the gargoyle, but do no damage.
You slash the kobold! You burn the kobold.
You kill the kobold!
You slash the kobold! You burn the kobold.
You kill the kobold!
You barely miss the kobold.
The gargoyle hurls a stone arrow at you.
The stone arrow misses you. You block the kobold's attack.
You hit the gargoyle but do no damage. You barely miss the kobold.
The gargoyle hits you with a +0 mace! The kobold misses you.
You barely miss the gargoyle. You closely miss the kobold.
The gargoyle misses you. The kobold hits you with a +0 whip.
You hit the gargoyle. You burn the gargoyle.
The gargoyle is moderately damaged.
You slash the kobold! You burn the kobold.
You kill the kobold!
The gargoyle hits you with a +0 mace!
You hit the gargoyle. You burn the gargoyle.
The gargoyle is moderately damaged.
You block the gargoyle's attack.
You hit the gargoyle but do no damage.
The gargoyle is moderately damaged.
The gargoyle hurls a stone arrow at you.
The stone arrow misses you.
You closely miss the gargoyle.
You headbutt the gargoyle, but do no damage.
The gargoyle is moderately damaged.
The gargoyle hurls a stone arrow at you.
The stone arrow hits you!!
* * * LOW HITPOINT WARNING * * *
You hit the gargoyle but do no damage. You headbutt the gargoyle.
The gargoyle is heavily damaged.
The gargoyle closely misses you.
You hit the gargoyle. You burn the gargoyle.
The gargoyle is severely damaged.
The gargoyle hits you with a +0 mace!
You die...

# ######.##
....... ...#.##
###.....
#..)).#
#.##.#)<)#####
#....)@).......
#....9☼#.......
####.###.......
... ....... ...
....... .....
....... ..#.
....... ..#.


You could see a gargoyle.

Vanquished Creatures
  A two-headed ogre (D:9)
  The ghost of boo the Carver, a novice MiFi of Okawaru (D:9)
  An orc knight (Bailey)
  A shadow (D:10)
  6 yaks
  A wraith (D:9)
  2 steam dragons (D:9)
  Grum (D:9)
  3 vampire mosquitoes (D:8)
  2 water moccasins
  3 ice beasts
  9 orc warriors
  A sky beast (D:6)
  A black bear (D:5)
  The ghost of significantcaptain the Covered, an amateur MiFi (D:3)
  8 centaurs
  An ogre (D:5)
  4 wolves (D:9)
  Blork the orc (D:4)
  5 kobold brigands
  2 necrophages (D:6)
  2 scorpions (D:6)
  8 killer bees
  2 howler monkeys (D:7)
  3 jellies
  3 hounds
  8 orc priests
  A gnoll bouda (D:7)
  Natasha (thrice) (D:2)
  4 iguanas
  8 orc wizards
  7 gnolls
  10 adders
  A white imp (D:4)
  7 worms
  4 dart slugs
  53 orcs
  3 bats
  2 endoplasms (D:2)
  4 giant cockroaches
  7 goblins
  9 hobgoblins
  9 jackals
  31 kobolds
  2 quokkas
  4 ball pythons
  4 frilled lizards
  6 rats
260 creatures vanquished.

Vanquished Creatures (collateral kills)
  A two-headed ogre (D:9)
1 creature vanquished.

Vanquished Creatures (others)
  4 plants (D:8)
  2 withered plants (D:3)
6 creatures vanquished.

Grand Total: 267 creatures vanquished

Notes
Turn   | Place    | Note
-------+----------+-------------------------------------------
     0 | D:1      | IdlyInterested the Demonspawn Gladiator began the quest for
                  | the Orb.
     0 | D:1      | Reached XP level 1. HP: 16/16 MP: 1/1
    41 | D:1      | Reached skill level 1 in Stealth
    41 | D:1      | Gained mutation: You have a pair of small horns on your
                  | head. [demonic ancestry]
    41 | D:1      | Reached XP level 2. HP: 9/22 MP: 2/2
  1002 | D:2      | Gained mutation: Your demonic aura sometimes causes spilled
                  | blood to erupt in flames. [demonic ancestry]
  1002 | D:2      | Reached XP level 3. HP: 11/28 MP: 3/3
  1081 | D:2      | Identified the +10 broad axe "Potom" {flame, rElec rN+
                  | Int+2 Dex-3}
  1103 | D:2      | Reached skill level 1 in Armour
  1289 | D:2      | Reached skill level 1 in Axes
  1424 | D:2      | Reached XP level 4. HP: 35/35 MP: 4/4
  1463 | D:2      | Noticed Natasha
  1468 | D:2      | Killed Natasha
  1544 | D:2      | Reached skill level 2 in Axes
  1698 | D:2      | Noticed Natasha
  1704 | D:2      | Killed Natasha
  1705 | D:2      | Reached XP level 5. HP: 21/41 MP: 5/5
  1896 | D:2      | Noticed Natasha
  1904 | D:2      | Killed Natasha
  1905 | D:2      | Reached skill level 3 in Axes
  2337 | D:3      | Gained mutation: Your demonic aura often causes spilled
                  | blood to erupt in flames. [demonic ancestry]
  2337 | D:3      | Reached XP level 6. HP: 28/47 MP: 6/6
  2695 | D:3      | Found a shimmering altar of Xom.
  3014 | D:3      | Found a runed translucent door.
  3016 | D:3      | Noticed significantcaptain's ghost (amateur MiFi)
  3076 | D:3      | Reached skill level 4 in Axes
  3220 | D:3      | Killed significantcaptain's ghost
  3521 | D:4      | Reached XP level 7. HP: 43/52 MP: 7/7
  3529 | D:4      | Reached skill level 5 in Axes
  3626 | D:4      | Noticed Blork the orc
  3632 | D:4      | Killed Blork the orc
  3633 | D:4      | Reached skill level 1 in Evocations
  3831 | D:4      | Found a snail-covered altar of Cheibriados.
  4241 | D:5      | Entered Level 5 of the Dungeon
  4363 | D:5      | Found a staircase to the Ecumenical Temple.
  4368 | D:5      | Identified the +10 rapier "Doshroed" {flame, *Corrode rPois
                  | Str+2 Dex+2}
  4372 | Temple   | Entered the Ecumenical Temple
  4630 | D:5      | Identified a scroll of acquirement
  4630 | D:5      | Acquired the ring "Jeoref" {rElec rC+ rN+++ EV+5 Str-3}
  4674 | D:5      | Reached skill level 6 in Axes
  5126 | D:5      | Reached XP level 8. HP: 58/58 MP: 8/8
  5531 | D:6      | Reached skill level 7 in Axes
  5595 | D:6      | Found a shadowy altar of Dithmenos.
  5989 | D:6      | Reached skill level 8 in Axes
  6001 | D:6      | Reached skill level 1 in Shields
  6114 | D:6      | Found a sparkling altar of Nemelex Xobeh.
  6506 | D:7      | Gained mutation: You are surrounded by a mild repulsion
                  | field. (EV +2) [demonic ancestry]
  6506 | D:7      | Reached XP level 9. HP: 34/63 MP: 9/9
  6908 | D:7      | Reached skill level 9 in Axes
  7114 | D:7      | Found a bloodstained altar of Trog.
  7390 | D:8      | Reached skill level 5 in Armour
  7395 | D:8      | Reached skill level 10 in Axes
  7403 | D:7      | HP: 1/63 [poisoned by a killer bee]
  7590 | D:8      | Reached XP level 10. HP: 33/70 MP: 10/10
  8083 | D:8      | Found an ornate altar of the Wu Jian Council.
  8140 | D:8      | Found a sacrificial altar of Ru.
  8570 | D:8      | Found a hide-covered altar of Uskayaw.
  8775 | D:9      | Found Xamet's General Store.
  8816 | D:9      | Reached skill level 11 in Axes
  8878 | D:9      | Noticed a two-headed ogre
  8885 | D:9      | Killed a two-headed ogre
  8898 | D:9      | Noticed Grum
  8907 | D:9      | Killed Grum
  8992 | D:9      | Found a flagged portal.
  9010 | D:9      | Found a staircase to the Lair.
  9069 | Bailey   | Entered a bailey
  9089 | Bailey   | Noticed an orc knight
  9100 | Bailey   | Killed an orc knight
  9101 | Bailey   | Reached skill level 12 in Axes
  9370 | Bailey   | Found the +16 obsidian axe {drain, demonic, Mesm Drain Fly
                  | SInv}
  9441 | D:9      | Noticed a two-headed ogre
  9446 | D:9      | Killed a two-headed ogre
  9517 | D:9      | Noticed boo's ghost (novice MiFi)
  9523 | D:9      | Found a runed translucent door.
  9549 | D:9      | Killed boo's ghost
  9550 | D:9      | Gained mutation: Spells you cast may paralyse adjacent
                  | enemies. [demonic ancestry]
  9550 | D:9      | Reached XP level 11. HP: 42/75 MP: 11/11
  9786 | D:9      | Reached skill level 13 in Axes
  9940 | D:9      | Found Vuxuerek's General Store.
 10062 | D:9      | Bought a scroll of enchant weapon for 120 gold pieces
 10062 | D:9      | Bought a potion of might for 64 gold pieces
 10062 | D:9      | Bought a scroll of identify for 32 gold pieces
 10197 | D:9      | Bought a scroll of noise for 16 gold pieces
 10197 | D:9      | Bought a potion of curing for 48 gold pieces
 10197 | D:9      | Bought a scroll of teleportation for 48 gold pieces
 10197 | D:9      | Bought a scroll of brand weapon for 152 gold pieces
 10197 | D:9      | Bought 3 boomerangs for 96 gold pieces
 10200 | D:10     | Entered Level 10 of the Dungeon
 10225 | D:10     | Slain by a gargoyle

Illustrated notes

Levels and vault maps discovered:
D:1:      eino_arrival_water_star, layout_basic, minmay_bisected
D:2:      kb_forest_paths, layout_basic, uniq_natasha
D:3:      layout_basic, amcnicky_altar_gilded, gammafunk_ghost_grave,
          minmay_misc_feat_chi
D:4:      layout_basic, slow_altar_2, amcnicky_mini_corridor_feature,
          uniq_blork_the_orc
D:5:      layout_basic, minmay_temple_entry_trees, minmay_crystal_room
D:6:      layout_basic, mainiacjoe_overflow_chevrons,
          nicolae_dithmenos_shadow_blocks, mainiacjoe_overflow_alcove_4,
          minmay_increasing_density
D:7:      layout_basic, bloody_trog
D:8:      layout_basic, pdpol_wu_jian_five_deadly_venoms,
          nicolae_ru_the_path_less_chosen, elyvilon_altar_3,
          nicolae_uskayaw_dance_studio
D:9:      layout_loops_cross, lair_entry_dummy, enter_bailey_8,
          hellmonk_ghost_happy_afterlife, nicolae_stop_n_shop_2,
          nicolae_inconvenience_store, uniq_grum
D:10:     layout_loops_cross, hiddenorc2_lemuel, kennysheep_nondescript
Temple:   nicolae_temple_slightly_damp_pantheon

Skill      XL: |  1  2  3  4  5  6  7  8  9 10 11 |
---------------+----------------------------------+-----
Maces & Flails | 3 |  3.0
Stealth        | 1 2 3 |  3.0
Armour         | 1 2 3 4 6 |  6.0
Fighting       | 3 |  3.0
Axes           | 1 2 3 4 6 8 10 12 13 | 13.1
Evocations     | 1 2 3 |  3.0
Throwing       | 2 3 |  3.0
Shields        | 2 3 |  3.0
Dodging        | 3 |  3.0

Action                     |  1- 3 |  4- 6 |  7- 9 | 10-12 || total
---------------------------+-------+-------+-------+-------++-------
  Melee: Flail             |    61 |       |       |       ||    61
         Headbutt          |     9 |    10 |    25 |    24 ||    68
         Punch             |     1 |       |     1 |       ||     2
         Broad axe         |    12 |    84 |   180 |   148 ||   424
  Throw: Javelin           |     1 |       |       |       ||     1
         Boomerang         |       |       |       |     4 ||     4
         Dart              |       |       |       |     2 ||     2
    Use: Scroll            |     4 |     5 |    10 |     3 ||    22
         Potion            |       |       |     2 |     1 ||     3
   Stab: Sleeping          |     3 |     2 |       |     2 ||     7
 Armour: Leather armour    |    17 |     4 |       |       ||    21
         Chain mail        |       |    18 |    89 |    12 ||   119
         Plate armour      |       |       |       |    26 ||    26
         Steam dragon scal |       |       |       |     1 ||     1
  Dodge: Dodged            |    34 |    33 |   128 |   119 ||   314
  Block: Buckler           |       |       |    18 |    38 ||    56

Table legend: (Time is in decaauts)
 A = Elapsed time spent in this place.
 B = Non-inter-level travel time spent in this place.
 C = Inter-level travel time spent in this place.
 D = Time resting spent in this place.
 E = Time spent auto-exploring this place.
 F = Levels seen in this place.
 G = Mean time per level.
                   A        B        C        D        E       F      G
               +--------+--------+--------+--------+--------+-----+--------+
         Total |  10340 |   8958 |   1382 |   1384 |   5272 |  12 |  861.7 |
       Dungeon |   9773 |   8391 |   1382 |   1355 |   5032 |  10 |  977.3 |
        Temple |    219 |    219 |      0 |      0 |    183 |   1 |  219.0 |
        Bailey |    347 |    347 |      0 |     29 |     57 |   1 |  347.0 |
               +--------+--------+--------+--------+--------+-----+--------+

Top non-repeatable levels by time:
     D:7: 1378 daAuts
     D:2: 1202 daAuts
     D:1: 1182 daAuts
     D:8: 1120 daAuts
     D:3: 1081 daAuts
     D:9: 1077 daAuts
     D:5: 958 daAuts
     D:4: 939 daAuts
     D:6: 810 daAuts
  Bailey: 347 daAuts
  Temple: 219 daAuts
    D:10: 24 daAuts
